cohdb
Replays
Latest Replays
All Replays
Popular Replays
Top Player Replays
Match Explorer
How It Works
Community
CoH3 Stats
Reddit
Sign in to upload your games and track your stats! →
Sign in with Steam
Match 43041135
Unlisted
Match 43041135
Overview
Messages
Build Orders
End
Selects Advanced Infantry Battlegroup
Construct Barracks
Engineer Squad
Riflemen Squad
M1 Mortar Team
Riflemen Squad
Construct Medical Station
Selects Convert to Ranger Squad
Selects Convert to Ranger Squad
Convert to Ranger Squad
Mechanized Support Center
Convert to Ranger Squad
Construct Motor Pool
Selects Frontline Medical Station
M24 Chaffee Light Tank
Improvised Armor
Designate Forward Repair Station
M8 Greyhound Armored Car
Selects Ranger Weapon Training
Riflemen Squad
Selects Ammunition Storage
M3 75 mm Gun Motor Carriage
Adol-Eth
SR_ChivalricWarlord
Blacksmith
Genki
0
0
Comments
sign in to comment!
No comments posted yet!